 Dungeon Crawl Stone Soup version 0.19-a0-1740-g0bcaf2e (webtiles) character file.

912 aronpayne the Stinger (level 7, -4/45 (48) HPs)
             Began as a Demonspawn Venom Mage on Sept 30, 2016.
             Slain by a phantom (8 damage)
             ... on level 5 of the Dungeon on Oct 1, 2016.
             The game lasted 00:29:28 (5401 turns).

aronpayne the Stinger (Demonspawn Venom Mage)       Turns: 5401, Time: 00:29:29

HP:   -4/45 (48)    AC: 10    Str:  7 (8)  XL:     7   Next: 82%
MP:   1/14          EV: 13    Int: 16 (19) God:
Gold: 228           SH:  0    Dex: 12 (13) Spells: 3 memorised, 5 levels left

rFire  + + .     SeeInvis .     x - +0 long sword
rCold  + + +     Gourm    .     p - +2 robe {rC+ rF+}
rNeg   . . .     Faith    .     (no shield)
rPois  +         Spirit   .     (no helmet)
rElec  +         Dismiss  .     (no cloak)
rCorr  +         Reflect  .     (no gloves)
MR     .....     Harm     .     (no boots)
Stlth  +++.......               e - amulet of magic regeneration
                                (no ring)
                                o - ring of protection from cold

@: resistant, sanguine armour, flying, very slightly contaminated
A: talons 2, nightstalker 1, sanguine armour 1
a: no special abilities


You were on level 5 of the Dungeon.
You were very hungry.

You visited 1 branch of the dungeon, and saw 5 of its levels.

You collected 228 gold pieces.

Inventory:

Hand Weapons
 x - a +0 long sword (weapon)
Armour
 p - a +2 robe of resistance (worn)
Jewellery
 e - an amulet of magic regeneration (around neck)
 o - a ring of protection from cold (left hand)
Wands
 u - a wand of iceblast (8/15)
Scrolls
 a - a scroll of fear {unknown}
 d - 4 scrolls of identify
 f - 6 scrolls of remove curse
 k - a scroll of enchant armour {unknown}
 r - 3 scrolls of magic mapping {unknown}
 t - 4 scrolls of teleportation {unknown}
 v - a scroll of recharging {unknown}
 y - a scroll of immolation {unknown}
 z - a scroll of amnesia {unknown}
Potions
 g - a potion of magic
 l - a potion of flight
Books
 b - a Young Poisoner's Handbook

   Spells                             Type                      Level
   a - Sting                          Conjuration/Poison           1
   b - Mephitic Cloud                 Conjuration/Poison/Air       3
   c - Olgreb's Toxic Radiance        Poison                       4
   d - Alistair's Intoxication        Transmutation/Poison         5
   e - Venom Bolt                     Conjuration/Poison           5
 s - a book of Cantrips

   Spells                             Type                      Level
   a - Confusing Touch                Hexes                        1
   b - Animate Skeleton               Necromancy                   1
   c - Summon Small Mammal            Summoning                    1
   d - Apportation                    Translocation                1
 w - a book of Misfortune

   Spells                             Type                      Level
   a - Confusing Touch                Hexes                        1
   b - Confuse                        Hexes                        3
   c - Gell's Gravitas                Hexes/Translocation          3
   d - Petrify                        Transmutation/Earth          4
   e - Metabolic Englaciation         Hexes/Ice                    5
   f - Yara's Violent Unravelling     Hexes/Transmutation          5
Comestibles
 c - 6 bread rations
 m - a meat ration
 q - 7 fruits
 A - a beef jerky


   Skills:
 + Level 1.1 Fighting
   Level 1.5 Short Blades
 + Level 0.1(0.9) Long Blades
 + Level 3.0 Dodging
 + Level 2.2 Stealth
 + Level 4.9 Spellcasting
 + Level 3.8 Conjurations
 + Level 6.1 Poison Magic


You had 5 spell levels left.
You knew the following spells:

 Your Spells              Type           Power        Failure   Level  Hunger
a - Sting                 Conj/Pois      ###.         1%          1    None
b - Olgreb's Toxic Radia  Pois           ###.....     14%         4    ####...
c - Venom Bolt            Conj/Pois      ###.......   63%         5    ######.


Dungeon Overview and Level Annotations

Branches:
Dungeon (5/15)
 Temple: D:4-7

Altars:
Gozag
Trog
Yredelemnul
The Shining One


Innate Abilities, Weirdness & Mutations

You have razor-sharp toenails.
You are slightly more attuned to the shadows.
When seriously injured, your bleeding wounds create armour. (AC +6)


Message History

Aim: a crimson imp, wearing a shiny coral ring (moderately wounded)
The sting hits the crimson imp.
The crimson imp completely resists.
The crimson imp is moderately wounded.
You flicker for a moment.
The phantom hits you.
* * * LOW HITPOINT WARNING * * *
The phantom blinks!
Casting: Sting
Confirm with . or Enter, or press ? or * to list all spells.
Aiming: Sting
Press: ? - help, Shift-Dir - straight line, f/p - crimson imp
Aim: a crimson imp, wearing a shiny coral ring The sting hits the crimson imp.
The crimson imp is lightly wounded.
You flicker back into view.
The crimson imp shouts!
You closely miss the phantom.
The phantom is heavily damaged.
The phantom closely misses you. The phantom hits you!
You die...

##....####..#
##..## #..# # #..#
##.. .# #..# #..
..###..## #.
....#...###
..........#### ###
.............###.#
..............##@#
####.)........5W##
≈≈≈≈............#
#######.........##
..###.........###
.................#
...........#######
.###.......#
#######.#


You could see a phantom and a crimson imp.

Vanquished Creatures
  A sky beast (D:4)
  A necrophage (D:5)
  An ogre (D:5)
  A bullfrog (D:4)
  A howler monkey (D:5)
  A jelly (D:5)
  2 hounds (D:4)
  3 orc priests
  2 orc wizards (D:5)
  Jessica (D:2)
  An iguana (D:5)
  2 worker ants (D:5)
  4 gnolls (D:4)
  6 adders
  2 shadow imps
  An ooze (D:4)
  2 adder skeletons (D:5)
  2 worms
  A dart slug (D:1)
  3 leopard geckos
  12 orcs
  7 bats
  7 giant cockroaches
  6 goblins
  2 hobgoblins (D:2)
  5 jackals
  2 quokkas
  3 ball pythons
  2 frilled lizards
  12 kobolds
  A leopard gecko skeleton (D:5)
  A quokka skeleton (D:4)
  10 rats
  A spectral orc (D:4)
109 creatures vanquished.

Notes
Turn   | Place    | Note
-------+----------+-------------------------------------------
     0 | D:1      | aronpayne the Demonspawn Venom Mage began the quest for the Orb.
     0 | D:1      | Reached XP level 1. HP: 13/13 MP: 3/3
   260 | D:1      | Gained mutation: You are slightly more attuned to the shadows. [demonic ancestry]
   260 | D:1      | Reached XP level 2. HP: 18/19 MP: 1/5
   898 | D:2      | Gained mutation: You have sharp toenails. [demonic ancestry]
   898 | D:2      | Reached XP level 3. HP: 24/24 MP: 3/6
   901 | D:2      | Noticed Jessica
   925 | D:2      | Killed Jessica
   925 | D:2      | Reached skill level 1 in Conjurations
  1155 | D:2      | Reached XP level 4. HP: 28/30 MP: 4/8
  1503 | D:2      | Learned a level 4 spell: Olgreb's Toxic Radiance
  1896 | D:3      | Found a bloodstained altar of Trog.
  1959 | D:3      | Upgraded the game from 0.19-a0-1732-g0b18a7b to 0.19-a0-1740-g0bcaf2e
  2373 | D:3      | Gained mutation: When seriously injured, your bleeding wounds create armour. (AC +6) [demonic ancestry]
  2373 | D:3      | Reached XP level 5. HP: 35/35 MP: 4/9
  2910 | D:4      | Reached skill level 5 in Poison Magic
  3435 | D:4      | Found an opulent altar of Gozag.
  3502 | D:4      | Learned a level 5 spell: Venom Bolt
  3517 | D:4      | Found a basalt altar of Yredelemnul.
  3775 | D:4      | Reached XP level 6. HP: 41/41 MP: 6/11
  3829 | D:4      | Reached skill level 1 in Short Blades
  3961 | D:5      | Entered Level 5 of the Dungeon
  3965 | D:5      | Noticed a sky beast
  4002 | D:4      | Killed a sky beast
  4002 | D:4      | Gained mutation: You have razor-sharp toenails. [demonic ancestry]
  4002 | D:4      | Reached XP level 7. HP: 24/47 MP: 1/13
  4509 | D:5      | Found a glowing golden altar of the Shining One.
  4568 | D:5      | Reached skill level 6 in Poison Magic
  4733 | D:5      | Reached skill level 1 in Fighting
  5401 | D:5      | Slain by a phantom

Vault maps used:
D:1:      dpeg_arrival_pits
D:2:      uniq_jessica
D:3:      lemuel_round_altar, item_on_display_a
D:4:      lemuel_coloured_pillars_altar, yredelemnul_forgotten_temple_becter
D:5:      nicolae_ru_great_annihilating_truth, serial_shops, shop,
          portal_sewer_entry_d, basic_altar, first_bread

Skill      XL: |  1  2  3  4  5  6  7 |
---------------+----------------------+-----
Dodging        | 2 3 |  3.0
Conjurations   | 1 2 3 |  3.8
Spellcasting   | 3 4 |  4.9
Poison Magic   | 5 6 |  6.1
Short Blades   | 1 |  1.5
Stealth        | 2 |  2.2
Fighting       | 1 |  1.1
Long Blades    | |  0.1

Action                   |  1- 3 |  4- 6 |  7- 9 || total
-------------------------+-------+-------+-------++-------
Melee: Unarmed           |    10 |       |       ||    10
       Dagger            |     5 |    39 |    50 ||    94
       Kick              |     2 |     8 |    21 ||    31
       Long sword        |       |       |    51 ||    51
 Cast: Sting             |    75 |   140 |    67 ||   282
       Olgreb's Toxic Ra |       |     4 |     9 ||    13
  Use: Scroll            |       |     3 |       ||     3
       Potion            |       |       |     5 ||     5
 Stab: Distracted        |       |       |     1 ||     1
  Eat: Chunk             |     1 |     5 |       ||     6
       Meat ration       |       |     1 |     1 ||     2
Armor: Robe              |    13 |    21 |    36 ||    70
Dodge: Dodged            |    28 |    47 |    63 ||   138
